 Dungeon Crawl Stone Soup version 0.28-a0-983-g1de4e0787c (webtiles) character file.

Game seed: 16048145378224530422

95 Essalna the Stinger (level 4, -2/30 HPs)
             Began as a Demonspawn Venom Mage on Dec 3, 2021.
             Slain by a bullfrog (4 damage)
             ... on level 3 of the Dungeon.
             The game lasted 00:05:30 (3743 turns).

Essalna the Stinger (Demonspawn Venom Mage)         Turns: 3743, Time: 00:05:31

Health: -2/30      AC:  3    Str:  9    XL:     4   Next: 40%
Magic:  2/8        EV: 12    Int: 18    God:
Gold:   161        SH:  4    Dex: 13    Spells: 6/9 levels left

rFire   . . .      SeeInvis .   c - +1 spear
rCold   . . .      Faith    .   (no shield)
rNeg    . . .      Spirit   .   a - +0 robe
rPois   .          Reflect  .   i - +0 helmet
rElec   .          Harm     .   (no cloak)
rCorr   .          Rampage  .   (no gloves)
Will    .....                   (no boots)
Stlth   ++........              (no amulet)
HPRegen 0.10/turn               (no ring)
MPRegen 0.11/turn               (no ring)

@: no status effects
A: sturdy frame 1, condensation shield
a: no special abilities


You were on level 3 of the Dungeon.
You visited 1 branch of the dungeon, and saw 3 of its levels.

You collected 161 gold pieces.

Inventory:

Hand Weapons
 c - a +1 spear (weapon)
Armour
 a - a +0 robe (worn)
 i - a +0 helmet (worn)
Scrolls
 d - a scroll of enchant weapon
 f - a scroll of teleportation
Potions
 b - 3 potions of heal wounds
 e - 2 potions of attraction {unknown}
 g - a potion of degeneration {unknown}
 h - 2 potions of lignification {unknown}
 k - a potion of brilliance {unknown}
 m - a potion of mutation {unknown}
 o - a potion of curing {unknown}


   Skills:
 - Level 1.7 Dodging
 - Level 1.7 Stealth
 + Level 3.2 Spellcasting
 - Level 1.0 Transmutations
 + Level 1.0 Air Magic
 + Level 4.1 Poison Magic


You had 6 spell levels left.
You knew the following spells:

 Your Spells              Type           Power      Damage    Failure   Level
a - Sting                 Tmut/Pois      48%        1d5       5%          1
b - Poisonous Vapours     Pois/Air       24%        N/A       9%          2

Your spell library contained the following spells:

 Spells                   Type           Power      Damage    Failure   Level
 Mephitic Cloud           Conj/Pois/Air  9%         N/A       24%         3
 Olgreb's Toxic Radiance  Pois           17%        N/A       28%         4


Dungeon Overview and Level Annotations

Branches:
Dungeon (3/15)

Altars:

Annotations:
D:3 Grinder


Innate Abilities, Weirdness & Mutations

Your movements are slightly less encumbered by armour. (ER -2)
A meltable shield of frost defends you. (SH +4)


Message History

Grinder is nearby!
Grinder gestures at you. Pain shoots through your body!
Grinder is nearby!
Grinder blinks!
There is a stone staircase leading up here.
You climb upwards.
There is a stone staircase leading down here.
You see here a bat skeleton.
There is a stone staircase leading down here.
You climb downwards.
Level annotation: Grinder The bullfrog gives a loud, deep croak!
The bullfrog hits you. The bullfrog hits you!
There is a stone staircase leading up here.
Casting: Sting (safe; 5% risk of failure)
Confirm with . or Enter, or press ? or * to list all spells.
Aiming: Poisonous Vapours (safe; 9% risk of failure)
Press: ? - help, Dir - move target, f - bullfrog
Aim: a bullfrog Poisonous vapours surround the bullfrog!
The bullfrog is poisoned.
The bullfrog hits you. The bullfrog hits you!
* * * LOW HITPOINT WARNING * * *
Casting: Poisonous Vapours (safe; 9% risk of failure)
Confirm with . or Enter, or press ? or * to list all spells.
Aiming: Poisonous Vapours (safe; 9% risk of failure)
Press: ? - help, Dir - move target, f/p - bullfrog
Aim: a bullfrog (poisoned) Poisonous vapours surround the bullfrog!
The bullfrog looks even sicker.
The bullfrog hits you!
* * * LOW HITPOINT WARNING * * *
Casting: Poisonous Vapours (safe; 9% risk of failure)
Confirm with . or Enter, or press ? or * to list all spells.
Aiming: Poisonous Vapours (safe; 9% risk of failure)
Press: ? - help, Dir - move target, f/p - bullfrog
Aim: a bullfrog (lightly wounded, very poisoned) Poisonous vapours surround the bullfrog!
The bullfrog looks even sicker.
The bullfrog closely misses you. The bullfrog hits you.
You die...

********** *,,,,,,,,* ###
*,******,* #.# *,* *,*#####
#.# *,* *,*#F..# #.#######
*,* *,*#@#*####.......###
*,* *,*#.# #.............
*,******,*#.# #.##.#####.###
*,,,,,,,,*#.# #.##.#####.###
******#..##.###.............
***#.....รท....#.####.####
*,.......####...# #.# #
*,##.######.....# #.# ##
*,**,* #.###.# #.# #.


You could see a bullfrog (very poisoned).

Vanquished Creatures
  5 adders
  6 endoplasms
  6 goblins
  5 hobgoblins
  4 jackals (D:3)
  A kobold (D:3)
  4 quokkas
  2 ball pythons
  5 bats
  5 frilled lizards
  4 rats
47 creatures vanquished.

Notes
Turn   | Place    | Note
-------+----------+-------------------------------------------
     0 | D:1      | Essalna the Demonspawn Venom Mage began the quest for the
                  | Orb.
     0 | D:1      | Reached XP level 1. HP: 13/13 MP: 3/3
    30 | D:1      | Reached skill level 1 in Transmutations
   549 | D:1      | Gained mutation: A meltable shield of frost defends you.
                  | (SH +4) [demonic ancestry]
   549 | D:1      | Reached XP level 2. HP: 18/19 MP: 0/5
  2070 | D:2      | Reached XP level 3. HP: 23/24 MP: 0/7
  2515 | D:2      | Learned a level 2 spell: Poisonous Vapours
  2691 | D:3      | Noticed a bullfrog
  2959 | D:3      | Gained mutation: Your movements are slightly less
                  | encumbered by armour. (ER -2) [demonic ancestry]
  2959 | D:3      | Reached XP level 4. HP: 15/30 MP: 1/8
  3245 | D:3      | Reached skill level 4 in Poison Magic
  3474 | D:3      | Reached skill level 1 in Air Magic
  3636 | D:3      | Noticed Grinder
  3743 | D:3      | Slain by a bullfrog

Illustrated notes

Levels and vault maps discovered:
D:1:      minmay_arrival_shoal_huts, layout_basic
D:2:      layout_loops_ring, minmay_pentomino_w2
D:3:      layout_basic, uniq_grinder

Skill      XL: |  1  2  3  4 |
---------------+-------------+-----
Transmutations | 1 |  1.0
Spellcasting   | 3 |  3.2
Poison Magic   | 4 |  4.1
Air Magic      | 1 |  1.0
Dodging        | |  1.7
Stealth        | |  1.7

Action                   |  1- 3 |  4- 6 || total
-------------------------+-------+-------++-------
Melee: Spear             |    29 |     5 ||    34
       Unarmed           |     2 |       ||     2
 Cast: Sting             |    83 |    23 ||   106
       Poisonous Vapours |       |     3 ||     3
  Use: Scroll            |       |     7 ||     7
Armor: Robe              |     7 |     6 ||    13
Dodge: Dodged            |    33 |     2 ||    35
Block: Other             |     7 |     3 ||    10

Table legend: (Time is in decaauts)
 A = Elapsed time spent in this place.
 B = Non-inter-level travel time spent in this place.
 C = Inter-level travel time spent in this place.
 D = Time resting spent in this place.
 E = Time spent auto-exploring this place.
 F = Levels seen in this place.
 G = Mean time per level.
                   A        B        C        D        E       F      G
               +--------+--------+--------+--------+--------+-----+--------+
         Total |   3748 |   3636 |    112 |      0 |   3178 |   3 | 1249.3 |
       Dungeon |   3748 |   3636 |    112 |      0 |   3178 |   3 | 1249.3 |
               +--------+--------+--------+--------+--------+-----+--------+

Top non-repeatable levels by time:
     D:1: 1582 daAuts
     D:2: 1166 daAuts
     D:3: 999 daAuts
